 Dungeon Crawl Stone Soup version 0.20-a0-433-g9e36e56 (webtiles) character file.

73 Gorice the Chucker (level 4, -4/34 HPs)
             Began as a Demonspawn Arcane Marksman on Jan 4, 2017.
             Killed by divine providence
             ... invoked by an orc priest
              (13 damage)
             ... on level 3 of the Dungeon.
             The game lasted 00:08:21 (2249 turns).

Gorice the Chucker (Demonspawn Arcane Marksman)     Turns: 2249, Time: 00:08:22

Health: -4/34      AC: 11    Str: 11    XL:     4   Next: 8%
Magic:  5/5        EV: 10    Int: 14    God:
Gold:   123        SH:  0    Dex: 14    Spells: 4/5 levels left

rFire  + . .     SeeInvis .     a - +0 short sword
rCold  . . .     Gourm    .     i - +2 ring mail {rF+}
rNeg   . . .     Faith    .     (no shield)
rPois  .         Spirit   .     t - +1 helmet
rElec  .         Reflect  .     (no cloak)
rCorr  .         Harm     .     (no gloves)
MR     .....                    (no boots)
Stlth  +.........               (no amulet)
                                (no ring)
                                (no ring)

@: no status effects
A: talons 1, thin metallic scales 1
a: no special abilities


You were on level 3 of the Dungeon.
You were not hungry.

You visited 1 branch of the dungeon, and saw 3 of its levels.

You collected 123 gold pieces.

Inventory:

Hand Weapons
 a - a +0 short sword (weapon)
 h - a +0 dagger
 k - a +1 vampiric whip
   (You took it off a goblin on level 1 of the Dungeon)
Missiles
 e - 22 sling bullets
 r - 4 javelins
 Y - a throwing net
 Z - 40 stones (quivered)
Armour
 b - a +0 robe
 i - a +2 ring mail of fire resistance (worn)
   (You found it on level 1 of the Dungeon)
 t - a +1 helmet (worn)
Scrolls
 d - 2 scrolls of identify
 j - 2 scrolls of enchant weapon
Books
 p - a book of Debilitation
Comestibles
 c - 4 chunks of flesh
 f - 3 bread rations {!e}
 l - a fruit
 s - a beef jerky


   Skills:
 + Level 2.8 Fighting
 + Level 3.1 Throwing
 - Level 1.7 Dodging
 - Level 1.0 Spellcasting
 - Level 3.0 Hexes


You had 4 spell levels left.
You knew the following spells:

 Your Spells              Type           Power        Failure   Level  Hunger
a - Corona                Hex            #......      21%         1    ##.....


Dungeon Overview and Level Annotations

Branches:
Dungeon (3/15)

Altars:
Sif Muna


Innate Abilities, Weirdness & Mutations

You have sharp toenails.
You are partially covered in thin metallic scales. (AC +2)


Message History

There is a stone staircase leading down here.
An orc priest comes into view. It is wielding a club.
The orc priest shouts!
The orc priest moves out of view.
An orc comes into view.
You see here 2 gold pieces.
You start waiting.
The orc wizard shouts!
The orc priest miscasts a cantrip.
Your ring mail prevents you from hitting the orc priest.
The orc priest hits you with a club.
Damage: 3 (max 3)
You hit the orc priest.
You claw the orc priest, but do no damage.
The orc priest is moderately wounded.
The orc priest hits you but does no damage.
You hit the orc priest but do no damage.
You claw the orc priest, but do no damage.
The orc priest is moderately wounded.
The orc priest closely misses you.
You hit the orc priest. Your kick misses the orc priest.
The orc priest is heavily wounded.
The orc priest mumbles some strange prayers to Beogh against you.
Beogh smites you!
Damage: 13 (max 13)
You completely miss the orc priest.
The orc priest is heavily wounded.
The orc priest hits you with a club.
* * * LOW HITPOINT WARNING * * *
Your magical contamination has completely faded away.
Damage: 2 (max 13)
You hit the orc priest.
The orc priest is severely wounded.
The orc wizard closely misses you.
The orc priest calls down the wrath of Beogh upon you.
Beogh smites you!
* * * LOW HITPOINT WARNING * * *
You hear a shout!
Damage: 12 (max 13)
The orc priest hits you but does no damage.
The orc wizard barely misses you.
An orc comes into view. It is wielding a war axe.
You feel better. The orc wizard casts a spell at you. The magic dart hits you!
* * * LOW HITPOINT WARNING * * *
The orc priest barely misses you.
The orc priest invokes the aid of Beogh against you.
Beogh smites you!
You die...

........#.##
#.. .#
.......##.#
#.##.##
#.###..##.#
#.#o..# #.
(......#
#$....# #
####.####
#.....# #..
#>.#### ..#
#o.# #.o#
#รท@# #..#
......
.........#
#####..##.#
#.#. .# ####
#


You could see an orc priest, an orc wizard and an orc.

Vanquished Creatures
  3 adders (D:2)
  An ooze (D:2)
  A worm (D:2)
  2 leopard geckos (D:1)
  A giant cockroach (D:1)
  5 goblins
  5 hobgoblins
  2 kobolds
  2 quokkas (D:2)
  3 ball pythons (D:2)
  4 bats
  3 frilled lizards
  6 rats
38 creatures vanquished.

Notes
Turn   | Place    | Note
-------+----------+-------------------------------------------
     0 | D:1      | Gorice the Demonspawn Arcane Marksman began the quest for the Orb.
     0 | D:1      | Reached XP level 1. HP: 15/15 MP: 2/2
   179 | D:1      | Reached skill level 2 in Throwing
   435 | D:1      | Gained mutation: You have sharp toenails. [demonic ancestry]
   435 | D:1      | Reached XP level 2. HP: 21/21 MP: 0/3
   552 | D:2      | HP: 6/21 [adder (1)]
   558 | D:1      | HP: 4/21 [poisoned by an adder]
   958 | D:2      | Reached skill level 2 in Fighting
   999 | D:2      | Found a deep blue altar of Sif Muna.
  1037 | D:2      | HP: 4/22 [hobgoblin (4)]
  1045 | D:2      | Gained mutation: You are partially covered in thin metallic scales. (AC +2) [demonic ancestry]
  1045 | D:2      | Reached XP level 3. HP: 6/27 MP: 4/4
  1889 | D:2      | Reached skill level 3 in Throwing
  1889 | D:2      | Reached XP level 4. HP: 19/34 MP: 5/5
  2243 | D:3      | HP: 4/34 [orc priest/divine providence (12)]
  2249 | D:3      | Killed from afar by an orc priest

Vault maps used:
D:1:      onia_arrival_mini_spirals
D:2:      first_bread, lemuel_tele_altar
D:3:      nicolae_ru_path_of_blood

Skill      XL: |  1  2  3 |
---------------+----------+-----
Throwing       | 2 3 |  3.1
Fighting       | 2 |  2.8
Dodging        | |  1.7
Spellcasting   | |  1.0
Hexes          | |  3.0

Action                   |  1- 3 |  4- 6 || total
-------------------------+-------+-------++-------
Melee: Dagger            |    65 |       ||    65
       Kick              |    39 |     5 ||    44
       Unarmed           |    13 |       ||    13
       Short sword       |    92 |    23 ||   115
Throw: Stone             |    49 |       ||    49
       Javelin           |    12 |       ||    12
       Throwing net      |     2 |       ||     2
 Cast: Corona            |    10 |       ||    10
  Use: Scroll            |     4 |       ||     4
       Potion            |       |     1 ||     1
  Eat: Chunk             |     4 |     1 ||     5
Armor: Ring mail         |    98 |    11 ||   109
Dodge: Dodged            |   107 |    17 ||   124

Table legend:
 A = Turns spent in this place as a percentage of turns spent in the entire game.
 B = Non-inter-level travel turns spent in this place as a percentage of non-inter-level travel turns spent in the entire game.
 C = Inter-level travel turns spent in this place as a percentage of turns spent in this place.
 D = Turns resting spent in this place as a percentage of non-inter-level travel turns spent in this place.
 E = Turns spent auto-exploring this place as a percentage of non-inter-level travel turns spent in this place.
 F = Non-inter-level travel turns spent in this place divided by the number of levels of this place that you've seen.
                   A       B       C       D       E      F
               +-------+-------+-------+-------+-------+----------------------
         Total | 100.0 | 100.0 |   0.4 |   2.4 |   4.7 | 226.7
       Dungeon | 100.0 | 100.0 |   0.4 |   2.4 |   4.7 | 226.7
               +-------+-------+-------+-------+-------+----------------------

Vault maps used:
D:1:      onia_arrival_mini_spirals
D:2:      first_bread, lemuel_tele_altar
D:3:      nicolae_ru_path_of_blood
